[Event "CZE-ch U12 2020"]
[Site "Kouty nad Desnou"]
[Date "2020.03.07"]
[Round "1.4"]
[White "Soucek, Jan"]
[Black "Setina, Vaclav"]
[Result "0-1"]
[ECO "B39"]
[WhiteElo "1872"]
[BlackElo "1507"]
[Annotator "NA RC"]
[PlyCount "100"]
[EventDate "2020.03.07"]
[EventCountry "CZE"]
[SourceTitle "playchess.com"]
[Source "ChessBase"]
[SourceQuality "1"]
[TimeControl "5400+30"]

1. e4 c5 2. Nf3 Nc6 3. d4 cxd4 4. Nxd4 g6 5. c4 Bg7 6. Be3 Nf6 7. Nc3 Ng4 8. Qxg4 Nxd4 9. Qd1 Ne6 10. Qd2 O-O 11. Be2 d6 12. O-O b6 13. Rac1 Bb7 14. f3 Rc8 15. b3 Qd7 16. Kh1 Rfd8 17. Nd5 Bxd5 18. cxd5 Nc5 19. b4 Na4 20. Ba6 Rxc1 21. Rxc1 b5 22. Bd4 Rb8 23. Rc6 Bxd4 24. Qxd4 e5 25. Qd3 Kg7 26. Bxb5 Qb7 27. Bxa4 Qxb4 28. Rc1 Qxa4 29. Qd2 Qa3 30. h4 Rb2 31. Rc2 Rxc2 32. Qxc2 Qe3 33. Qd1 Qf2 34. a4 Qxh4+ 35. Kg1 Qd8 36. Qc2 Qa5 37. Qc6 Qb6+ 38. Kh2 Kf8 39. Kg3 Qxc6 40. dxc6 Ke8 41. Kg4 f6 42. f4 Kd8 43. fxe5 dxe5 44. Kf3 Kc7 45. Ke3 Kxc6 46. Kd3 Kc5 47. Kc3 f5 48. exf5 gxf5 49. g3 h5 50. Kd3 Kb4 0-1

[Event "CZE-ch U12 2020"]
[Site "Kouty nad Desnou"]
[Date "2020.03.07"]
[Round "1.5"]
[White "Kubin, Tomas Daniel"]
[Black "Day, Tobias"]
[Result "1-0"]
[ECO "B76"]
[WhiteElo "1484"]
[BlackElo "1837"]
[Annotator "NA RC"]
[PlyCount "45"]
[EventDate "2020.03.07"]
[EventCountry "CZE"]
[SourceTitle "playchess.com"]
[Source "ChessBase"]
[SourceQuality "1"]
[TimeControl "5400+30"]

1. e4 c5 2. Nf3 d6 3. d4 cxd4 4. Nxd4 Nf6 5. Nc3 g6 6. Be3 Bg7 7. f3 O-O 8. Qd2 Nc6 9. O-O-O d5 10. Nxc6 bxc6 11. exd5 Nxd5 12. Nxd5 cxd5 13. Qxd5 Qc7 14. Qc5 Qb7 15. b3 Be6 16. Qa5 a6 17. Bd3 f5 18. Rhe1 Rfc8 19. Qb6 Qxb6 20. Bxb6 Rc6 21. Rxe6 Rxe6 22. Bc4 Kf7 23. Re1 1-0

[Event "CZE-ch U12 2020"]
[Site "Kouty nad Desnou"]
[Date "2020.03.07"]
[Round "1.6"]
[White "Hladky, Tadeas"]
[Black "Matusik, Ondrej"]
[Result "1-0"]
[ECO "C03"]
[WhiteElo "1773"]
[BlackElo "1482"]
[Annotator "NA RC"]
[PlyCount "45"]
[EventDate "2020.03.07"]
[EventCountry "CZE"]
[SourceTitle "playchess.com"]
[Source "ChessBase"]
[SourceQuality "1"]
[TimeControl "5400+30"]

1. e4 e6 2. d4 d5 3. Nd2 Ne7 4. Ngf3 Bd7 5. Bd3 Ng6 6. Nb3 Be7 7. Be3 a5 8. O-O a4 9. Nc1 Na6 10. c3 O-O 11. Ne2 b6 12. Bc2 b5 13. Nf4 Nxf4 14. Bxf4 Bc6 15. e5 f5 16. exf6 Bxf6 17. Be5 Bd7 18. Bxf6 Qxf6 19. Ne5 Rad8 20. Qd3 Qf5 21. Qe2 Qg5 22. Nxd7 Rxd7 23. Qxe6+ 1-0

[Event "CZE-ch U12 2020"]
[Site "Kouty nad Desnou"]
[Date "2020.03.07"]
[Round "1.7"]
[White "Tesar, Jakub"]
[Black "Prazak, Daniel"]
[Result "0-1"]
[ECO "B12"]
[WhiteElo "1446"]
[BlackElo "1765"]
[Annotator "NA RC"]
[PlyCount "94"]
[EventDate "2020.03.07"]
[EventCountry "CZE"]
[SourceTitle "playchess.com"]
[Source "ChessBase"]
[SourceQuality "1"]
[TimeControl "5400+30"]

1. e4 c6 2. d4 d5 3. e5 c5 4. c3 Nc6 5. Nf3 Bg4 6. Be2 e6 7. Nbd2 Nge7 8. O-O cxd4 9. Nxd4 Bxe2 10. Qxe2 Ng6 11. f4 Qb6 12. N2b3 Be7 13. Be3 Qc7 14. Nxc6 bxc6 15. Nc5 O-O 16. Bd4 Rfe8 17. Qf2 a5 18. f5 exf5 19. e6 Bxc5 20. exf7+ Qxf7 21. Bxc5 f4 22. Bd6 Re4 23. g3 Rd8 24. Bxf4 Nxf4 25. gxf4 Rf8 26. Rae1 Rxf4 27. Qxf4 Qxf4 28. Rxf4 Rxf4 29. Re8+ Kf7 30. Rc8 Rc4 31. Rc7+ Kf6 32. Kf2 a4 33. Ra7 h6 34. Ke3 g5 35. Kd3 Ke6 36. b4 axb3 37. axb3 Rh4 38. Ra2 Kf5 39. Rg2 c5 40. Ke3 Rh3+ 41. Kd2 g4 42. Kc2 h5 43. b4 d4 44. b5 Rxc3+ 45. Kb2 c4 46. Rg3 Rxg3 47. hxg3 Ke5 0-1

[Event "CZE-ch U12 2020"]
[Site "Kouty nad Desnou"]
[Date "2020.03.07"]
[Round "1.8"]
[White "Zelba, Lukas"]
[Black "Babula, Matej"]
[Result "1-0"]
[ECO "D00"]
[WhiteElo "1727"]
[BlackElo "1353"]
[Annotator "NA RC"]
[PlyCount "63"]
[EventDate "2020.03.07"]
[EventCountry "CZE"]
[SourceTitle "playchess.com"]
[Source "ChessBase"]
[SourceQuality "1"]
[TimeControl "5400+30"]

1. d4 d5 2. Bf4 Nf6 3. e3 Bf5 4. c4 e6 5. Nc3 Be7 6. Qb3 b6 7. cxd5 exd5 8. Bb5+ Kf8 9. Be5 Be6 10. h3 h6 11. Qa4 a6 12. Bc6 Nxc6 13. Qxc6 Ra7 14. Bxf6 Bxf6 15. Nf3 Kg8 16. O-O Kh7 17. e4 dxe4 18. Nxe4 Be7 19. Rfd1 Qd5 20. Ne5 Rb7 21. Qc2 f5 22. Ng3 Rf8 23. Ne2 Bg5 24. h4 Bxh4 25. Nf4 Qd6 26. Nfg6 Bf6 27. Nxf8+ Qxf8 28. Qc6 Qc8 29. d5 Bxe5 30. dxe6 Bxb2 31. e7 Rb8 32. Rd8 1-0

[Event "CZE-ch U12 2020"]
[Site "Kouty nad Desnou"]
[Date "2020.03.07"]
[Round "1.9"]
[White "Sigut, Ondrej"]
[Black "Veverka, Vladimir"]
[Result "0-1"]
[ECO "C02"]
[WhiteElo "1274"]
[BlackElo "1656"]
[Annotator "NA RC"]
[PlyCount "56"]
[EventDate "2020.03.07"]
[EventCountry "CZE"]
[SourceTitle "playchess.com"]
[Source "ChessBase"]
[SourceQuality "1"]
[TimeControl "5400+30"]

1. e4 e6 2. d4 d5 3. e5 c5 4. c3 Nc6 5. Nf3 Qb6 6. a3 a5 7. Be2 cxd4 8. cxd4 Nge7 9. b3 Nf5 10. Bb2 Bd7 11. O-O Be7 12. h3 O-O 13. g4 Nh4 14. Kh1 Nxf3 15. Bxf3 f6 16. Kg2 Rac8 17. Re1 fxe5 18. dxe5 Bh4 19. Re2 Rxf3 20. Kxf3 Rf8+ 21. Kg2 Rxf2+ 22. Kh1 Rxe2 23. Qxe2 Qxb3 24. Qg2 d4 25. a4 Nxe5 26. Ra3 Qd1+ 27. Kh2 Bc6 28. Nc3 Nf3+ 0-1

[Event "CZE-ch U12 2020"]
[Site "Kouty nad Desnou"]
[Date "2020.03.07"]
[Round "1.10"]
[White "Juhanak, Daniel"]
[Black "Hobza, Richard"]
[Result "1-0"]
[ECO "A05"]
[WhiteElo "1656"]
[BlackElo "1251"]
[Annotator "NA RC"]
[PlyCount "147"]
[EventDate "2020.03.07"]
[EventCountry "CZE"]
[SourceTitle "playchess.com"]
[Source "ChessBase"]
[SourceQuality "1"]
[TimeControl "5400+30"]

1. Nf3 Nf6 2. g3 d5 3. d4 e6 4. Bg2 Be7 5. O-O O-O 6. c4 c6 7. Nc3 Nbd7 8. Qc2 dxc4 9. Rd1 Nb6 10. Ne5 Qc7 11. Bf4 Bd6 12. Ne4 Nxe4 13. Bxe4 g6 14. Bh6 Re8 15. Nxc4 Nxc4 16. Qxc4 Bd7 17. Rac1 Rac8 18. Qb3 b6 19. d5 exd5 20. Bxd5 Be6 21. Qc3 Be5 22. Qxc6 Qxc6 23. Bxc6 Red8 24. Rxd8+ Rxd8 25. b3 f6 26. Be3 Bh3 27. Bg2 Bb2 28. Rf1 Bxg2 29. Kxg2 Rc8 30. Rd1 Rc7 31. Bf4 Re7 32. Rd2 Bc3 33. Rc2 Bb4 34. Kf3 f5 35. a4 Kf7 36. Rc4 Ba3 37. b4 a6 38. b5 axb5 39. axb5 Bc5 40. Ra4 Kf6 41. h4 Ke6 42. Bg5 Rd7 43. Be3 Rd5 44. Bxc5 Rxc5 45. Rb4 Ke5 46. Ke3 Rc3+ 47. Kd2 Ra3 48. e3 Ra2+ 49. Ke1 Rc2 50. f3 h5 51. g4 Rh2 52. gxh5 gxh5 53. Kd1 Rf2 54. f4+ Ke6 55. Rc4 Rh2 56. Rc6+ Kd5 57. Rxb6 Rxh4 58. Rf6 Ke4 59. b6 Rg4 60. b7 Rg8 61. Rb6 Rb8 62. Ke2 h4 63. Rb4+ Kd5 64. Kf3 Kc5 65. Rb2 Kd5 66. Rb5+ Ke6 67. Kg2 Kd6 68. Kh3 Kc6 69. Rb3 Kd5 70. Kxh4 Kc4 71. Rb6 Kd3 72. Kg5 Kxe3 73. Kxf5 Kd4 74. Ke6 1-0

[Event "CZE-ch U12 2020"]
[Site "Kouty nad Desnou"]
[Date "2020.03.07"]
[Round "1.11"]
[White "Matus, Jakub"]
[Black "Jasso, Matej"]
[Result "0-1"]
[ECO "B98"]
[WhiteElo "1240"]
[BlackElo "1582"]
[Annotator "NA RC"]
[PlyCount "94"]
[EventDate "2020.03.07"]
[EventCountry "CZE"]
[SourceTitle "playchess.com"]
[Source "ChessBase"]
[SourceQuality "1"]
[TimeControl "5400+30"]

1. e4 c5 2. Nf3 d6 3. d4 cxd4 4. Nxd4 Nf6 5. Nc3 a6 6. Bg5 e6 7. f4 Be7 8. Qf3 h6 9. Bh4 Qc7 10. Bd3 Nc6 11. Nxc6 bxc6 12. Bf2 Rb8 13. Rb1 Bb7 14. O-O d5 15. exd5 cxd5 16. Bd4 Bc5 17. Ne2 Bxd4+ 18. Nxd4 Qb6 19. Qf2 Ng4 20. Qg3 Qxd4+ 21. Kh1 Ne3 22. Rfe1 Nc4 23. f5 Kd7 24. Bxc4 Qxc4 25. fxe6+ Kc6 26. exf7 Kb6 27. Qg6+ Ka7 28. Re8 Qc6 29. Re6 Qd7 30. Rbe1 Rhf8 31. Re7 Qb5 32. h3 d4 33. Re8 Qb4 34. R1e6 Qd2 35. R8e7 Qc1+ 36. Re1 Qf4 37. Qxg7 Qf2 38. Qg6 Rxf7 39. Rxf7 Qxe1+ 40. Kh2 Qe5+ 41. Kg1 Qg5 42. Qxg5 hxg5 43. Rg7 Rc8 44. Rd7 Rxc2 45. Rxd4 Rxg2+ 46. Kf1 Rxb2 47. Rg4 Rb5 0-1

[Event "CZE-ch U12 2020"]
[Site "Kouty nad Desnou"]
[Date "2020.03.07"]
[Round "1.12"]
[White "Martirosyan, David"]
[Black "Sedmihradsky, Tomas"]
[Result "1-0"]
[ECO "C64"]
[WhiteElo "1522"]
[BlackElo "1024"]
[Annotator "NA RC"]
[PlyCount "57"]
[EventDate "2020.03.07"]
[EventCountry "CZE"]
[SourceTitle "playchess.com"]
[Source "ChessBase"]
[SourceQuality "1"]
[TimeControl "5400+30"]

1. e4 e5 2. Nf3 Nc6 3. Bb5 Bc5 4. O-O d6 5. c3 a6 6. Ba4 b5 7. Bc2 Bb7 8. d4 exd4 9. cxd4 Bb6 10. Nc3 Nge7 11. Be3 d5 12. e5 Qd7 13. Ng5 h6 14. e6 fxe6 15. Qh5+ Kd8 16. Nf7+ Kc8 17. Nxh8 Nxd4 18. Bxd4 Bxd4 19. Qg4 Bf6 20. Ng6 Nxg6 21. Qxg6 Qc6 22. Rad1 b4 23. Ba4 Qb6 24. Qe8+ Bd8 25. Bd7+ Kb8 26. Na4 Qa5 27. Qxd8+ Ka7 28. Qe7 Kb8 29. Rd4 1-0

[Event "CZE-ch U12 2020"]
[Site "Kouty nad Desnou"]
[Date "2020.03.08"]
[Round "2.1"]
[White "Nemec, Jachym"]
[Black "Juhanak, Daniel"]
[Result "1-0"]
[ECO "E21"]
[WhiteElo "2108"]
[BlackElo "1656"]
[Annotator "ChessBase"]
[PlyCount "41"]
[EventDate "2020.03.07"]
[EventCountry "CZE"]
[SourceTitle "playchess.com"]
[Source "ChessBase"]
[SourceQuality "1"]
[TimeControl "5400+30"]

1. d4 Nf6 2. Nf3 e6 3. c4 b6 4. Nc3 Bb7 5. Bg5 Bb4 6. e3 O-O 7. Bd3 c5 8. O-O Bxc3 9. bxc3 d6 10. Nd2 h6 11. Bh4 Nc6 12. f4 d5 13. e4 dxe4 14. Nxe4 Na5 15. Nxf6+ gxf6 16. Qg4+ Kh8 17. Qh5 Kg7 18. d5 Rg8 19. Rf3 Kf8 20. Qxh6+ Ke8 21. Bxf6 1-0

[Event "CZE-ch U12 2020"]
[Site "Kouty nad Desnou"]
[Date "2020.03.08"]
[Round "2.2"]
[White "Veverka, Vladimir"]
[Black "Brozka, Karel"]
[Result "0-1"]
[ECO "E90"]
[WhiteElo "1656"]
[BlackElo "2013"]
[Annotator "ChessBase"]
[PlyCount "88"]
[EventDate "2020.03.07"]
[EventCountry "CZE"]
[SourceTitle "playchess.com"]
[Source "ChessBase"]
[SourceQuality "1"]
[TimeControl "5400+30"]

1. d4 Nf6 2. Nf3 g6 3. c4 Bg7 4. Nc3 O-O 5. e4 d6 6. Be3 Nbd7 7. Be2 e5 8. dxe5 Nxe5 9. Nxe5 dxe5 10. Qxd8 Rxd8 11. Nd5 Nxd5 12. cxd5 Bd7 13. a4 f5 14. f3 Bf8 15. O-O Bd6 16. b3 Kg7 17. Rac1 h6 18. h4 f4 19. Bc5 Rdc8 20. Bxd6 cxd6 21. Kf2 Kf6 22. Rh1 Rab8 23. Rhd1 g5 24. hxg5+ hxg5 25. Rh1 Kg6 26. Rhg1 a5 27. Rh1 b6 28. Rhg1 Rc5 29. Rxc5 bxc5 30. Bc4 Rb4 31. Ra1 g4 32. Rc1 Rb8 33. Rh1 g3+ 34. Ke2 Bxa4 35. bxa4 Rb2+ 36. Kd3 Rxg2 37. Rf1 Kg5 38. Bb5 Kh4 39. Bd7 Rh2 40. Rg1 g2 41. Kc4 Kg3 42. Kb5 Rh1 43. Rxg2+ Kxg2 44. Bg4 Rb1+ 0-1

[Event "CZE-ch U12 2020"]
[Site "Kouty nad Desnou"]
[Date "2020.03.08"]
[Round "2.3"]
[White "Fizer, Marek"]
[Black "Martirosyan, David"]
[Result "1-0"]
[ECO "B17"]
[WhiteElo "1907"]
[BlackElo "1522"]
[Annotator "ChessBase"]
[PlyCount "77"]
[EventDate "2020.03.07"]
[EventCountry "CZE"]
[SourceTitle "playchess.com"]
[Source "ChessBase"]
[SourceQuality "1"]
[TimeControl "5400+30"]

1. e4 c6 2. d4 d5 3. Nd2 dxe4 4. Nxe4 Nd7 5. Nf3 Ngf6 6. Nxf6+ Nxf6 7. Bc4 Bf5 8. O-O e6 9. Bf4 Be7 10. Re1 Bg4 11. c3 O-O 12. h3 Bxf3 13. Qxf3 Nd5 14. Be5 Bd6 15. Qg3 Bxe5 16. Rxe5 Qf6 17. Rae1 Rfd8 18. R1e4 Rac8 19. Bd3 c5 20. Rh5 h6 21. Reh4 Kf8 22. dxc5 Rxc5 23. c4 Nb4 24. Rxc5 Nxd3 25. Rb5 a6 26. Rxb7 e5 27. Qf3 Nf4 28. Rg4 Rd3 29. Rb8+ Ke7 30. Qb7+ Rd7 31. Qb4+ Rd6 32. Qa4 Qf5 33. c5 Ne2+ 34. Kh2 Qxf2 35. cxd6+ Kf6 36. Qd1 h5 37. d7 hxg4 38. d8=Q+ Kg6 39. Q8d3+ 1-0

[Event "CZE-ch U12 2020"]
[Site "Kouty nad Desnou"]
[Date "2020.03.08"]
[Round "2.4"]
[White "Jasso, Matej"]
[Black "Hladky, Tadeas"]
[Result "1/2-1/2"]
[ECO "C42"]
[WhiteElo "1582"]
[BlackElo "1773"]
[Annotator "NA"]
[PlyCount "78"]
[EventDate "2020.03.07"]
[EventCountry "CZE"]
[SourceTitle "playchess.com"]
[Source "ChessBase"]
[SourceQuality "1"]
[TimeControl "5400+30"]

1. e4 Nf6 2. Nc3 e5 3. Nf3 Bb4 4. Bc4 d6 5. d3 Bg4 6. h3 Bh5 7. O-O O-O 8. Bg5 Bxc3 9. bxc3 h6 10. Bc1 Nbd7 11. Re1 Re8 12. a4 c6 13. Bb3 d5 14. Ba3 Qc7 15. Qe2 Rad8 16. Rad1 dxe4 17. dxe4 Nf8 18. Bxf8 Rxf8 19. Qe3 b6 20. Rd3 Rxd3 21. cxd3 c5 22. Bc4 Rd8 23. Nh4 Kh7 24. Nf5 Bg6 25. Qf3 Qd7 26. Bb5 Qb7 27. Ne3 a6 28. Bc4 b5 29. axb5 axb5 30. Rb1 b4 31. Nd5 Nxd5 32. Bxd5 Qb5 33. cxb4 cxb4 34. Bxf7 Bxf7 35. Qxf7 Rxd3 36. Qf5+ Kg8 37. Qe6+ Kh7 38. Qf5+ Kg8 39. Qe6+ Kh7 1/2-1/2

[Event "CZE-ch U12 2020"]
[Site "Kouty nad Desnou"]
[Date "2020.03.08"]
[Round "2.5"]
[White "Prazak, Daniel"]
[Black "Kubin, Tomas Daniel"]
[Result "1-0"]
[ECO "B01"]
[WhiteElo "1765"]
[BlackElo "1484"]
[Annotator "NA"]
[PlyCount "65"]
[EventDate "2020.03.07"]
[EventCountry "CZE"]
[SourceTitle "playchess.com"]
[Source "ChessBase"]
[SourceQuality "1"]
[TimeControl "5400+30"]

1. e4 d5 2. exd5 Nf6 3. Bb5+ Bd7 4. Be2 Nxd5 5. d4 g6 6. Nf3 Bg7 7. O-O O-O 8. c4 Nb6 9. h3 Bf5 10. Nc3 Nc6 11. Be3 e5 12. d5 Ne7 13. Qb3 Re8 14. Rfd1 e4 15. Nd4 Bc8 16. Ndb5 Nf5 17. Bxb6 axb6 18. g4 Nh4 19. d6 Nf3+ 20. Bxf3 exf3 21. Nd5 c6 22. Ne7+ Rxe7 23. dxe7 Qxe7 24. Nd4 Qe4 25. Qxf3 Qxf3 26. Nxf3 Be6 27. Rac1 Bxb2 28. Rb1 Bg7 29. Rxb6 Bxc4 30. Rxb7 Be2 31. Rdd7 Bxf3 32. Rxf7 Rxa2 33. Rxg7+ 1-0

[Event "CZE-ch U12 2020"]
[Site "Kouty nad Desnou"]
[Date "2020.03.08"]
[Round "2.6"]
[White "Setina, Vaclav"]
[Black "Zelba, Lukas"]
[Result "1/2-1/2"]
[ECO "C01"]
[WhiteElo "1507"]
[BlackElo "1727"]
[Annotator "NA"]
[PlyCount "130"]
[EventDate "2020.03.07"]
[EventCountry "CZE"]
[SourceTitle "playchess.com"]
[Source "ChessBase"]
[SourceQuality "1"]
[TimeControl "5400+30"]

1. e4 e6 2. d4 d5 3. exd5 exd5 4. Bd3 Bd6 5. Ne2 Ne7 6. O-O O-O 7. Bf4 Bf5 8. Bg3 Nbc6 9. c3 Qd7 10. Bxd6 Qxd6 11. Na3 Qg6 12. Bxf5 Nxf5 13. Nf4 Qd6 14. Qg4 Nce7 15. Rfe1 c6 16. Re2 Nh6 17. Qf3 Ng6 18. Nxg6 fxg6 19. Qh3 Rae8 20. Rae1 Qd8 21. Nc2 Nf5 22. Ne3 Nd6 23. Kf1 Re4 24. Ng4 Ref4 25. Ne5 Ne4 26. Qe6+ Kh8 27. f3 Qh4 28. Kg1 Qf6 29. Qxf6 Nxf6 30. g3 Rf5 31. g4 Rf4 32. Kg2 Ng8 33. h4 Rd8 34. h5 gxh5 35. Rh1 g6 36. gxh5 Kg7 37. hxg6 hxg6 38. Kg3 Rff8 39. Reh2 Nf6 40. Ng4 Nh5+ 41. Kf2 Rf4 42. Ne5 Rdf8 43. Rg2 Kh7 44. Rxg6 Rxf3+ 45. Ke2 R3f5 46. Rg4 Rg8 47. Rgh4 Rg2+ 48. Ke3 Kh6 49. Ng4+ Kg6 50. Ne5+ Kh6 51. Nf7+ Rxf7 52. Rxh5+ Kg7 53. Rh7+ Kf8 54. Rxf7+ Kxf7 55. Rh7+ Rg7 56. Rxg7+ Kxg7 57. Kf3 Kf7 58. Kf4 Kf6 59. Kg4 Kg6 60. Kf4 Kf6 61. a4 a5 62. b4 b6 63. bxa5 bxa5 64. Kg4 Kg6 65. Kf4 Kf6 1/2-1/2

[Event "CZE-ch U12 2020"]
[Site "Kouty nad Desnou"]
[Date "2020.03.08"]
[Round "2.7"]
[White "Babula, Matej"]
[Black "Soucek, Jan"]
[Result "0-1"]
[ECO "B22"]
[WhiteElo "1353"]
[BlackElo "1872"]
[Annotator "NA"]
[PlyCount "174"]
[EventDate "2020.03.07"]
[EventCountry "CZE"]
[SourceTitle "playchess.com"]
[Source "ChessBase"]
[SourceQuality "1"]
[TimeControl "5400+30"]

1. e4 c5 2. c3 d5 3. exd5 Qxd5 4. d4 Nc6 5. Nf3 Bg4 6. Be2 e6 7. h3 Bh5 8. O-O ({Better is} 8. c4 $14 Qd6 9. d5 Bxf3 10. Bxf3 Qe5+ 11. Be3 exd5 12. cxd5) 8... Nf6 9. Na3 Rd8 {[%emt 0:16:44] [#] B22: Sicilian: 2 c3.} 10. Nc2 $146 ({White should try} 10. Nb5 $14 Qd7 11. g4) ({Predecessor:} 10. Be3 cxd4 11. Nb5 Rd7 12. Nbxd4 Nxd4 13. cxd4 Bd6 14. Qa4 a6 15. Rfc1 O-O 16. b4 Rc7 17. Rxc7 Bxc7 {0-1 (36) Murgia,A (2123)-Sanchez,J (2410) Nice 2003}) 10... Qd6 11. Be3 Qc7 12. Qe1 Nd5 13. dxc5 Nxe3 (13... Bg6 $5 14. Ncd4 Nxe3 15. fxe3 Bxc5 $15) 14. Nxe3 Bxc5 15. Rd1 O-O 16. Rxd8 Rxd8 17. Qc1 f5 18. Rd1 f4 ({Black should try} 18... Rxd1+ $11 19. Qxd1 Bxf3 20. Bxf3 Ne5) 19. Rxd8+ Qxd8 20. Nc4 e5 21. Qd2 Qe7 (21... e4 $11 22. Qxd8+ Nxd8) 22. Ncxe5 Nxe5 23. Qd5+ Bf7 24. Qxe5 Qxe5 25. Nxe5 Bxa2 26. Bf3 Bd6 27. Nd3 b6 28. Kf1 Kf7 29. Ke2 g5 30. Be4 h5 31. Ne1 Bc4+ 32. Bd3 Bd5 33. f3 Kf6 34. Nc2 Ke5 35. Bg6 h4 36. Bd3 Bc5 (36... a5 $15) 37. Bb5 ({Better is} 37. Ba6 $11) 37... Bb7 38. Kd3 (38. b4 $15 Be7 39. Na3) 38... a6 39. Ba4 $2 (39. Bd7 $15) 39... b5 40. Bb3 {[%emt 0:00:06] [#]} a5 $2 (40... g4 $1 $19 41. Ke2 (41. fxg4 Bxg2) 41... gxf3+ 42. gxf3 Bc8) 41. Bf7 {[%emt 0:01:18] [#]} (41. Ne1 $15) 41... Ba6 $2 (41... g4 $1 $19 42. Bh5 {[#]} (42. fxg4 Bxg2) 42... Bxf3 $1 {[%mdl 576] Promotion}) 42. c4 (42. b4 $11 {keeps the balance.} axb4 43. cxb4) 42... b4 43. Be8 Bb6 44. b3 Bc5 45. Bc6 Bc8 46. Be8 Bb7 47. Bb5 $2 (47. Ke2 $17) 47... Ba8 48. Be8 Bb7 49. Bb5 g4 50. hxg4 {[%emt 0:02:10] [#]} Bxf3 $1 {[%emt 0:00:22] Promotion} 51. Ne1 ({Don't go for} 51. gxf3 $2 h3 $19) 51... Bxg4 52. Bc6 Bf5+ 53. Ke2 $1 $11 Kd4 54. Kd2 Ke5 $2 (54... Be7 $19 55. Nf3+ Kc5) 55. Nf3+ Kd6 56. Nxh4 Be3+ 57. Ke2 Bc2 ({Much weaker is} 57... Kxc6 $6 58. Nxf5 Bg1 59. Ne7+ Kc5 60. Kd3 $11) 58. Ba4 Ke5 59. Nf3+ Kf5 60. Ne1 {[%emt 0:01:07] [#]} Bb1 $1 61. Bc6 Kg4 62. Kd1 Bf5 63. Ke2 Kg3 64. Kd1 Kf2 65. Nf3 Bg6 66. Ne1 $19 (66. Nd2) 66... Bh5+ 67. Bf3 {[%emt 0:01:15] [#]} Bxf3+ $1 68. gxf3 Bb6 69. Kd2 Bd4 70. c5 Bc3+ 71. Kd1 Ke3 72. c6 Be5 73. Kc2 Bd6 74. Ng2+ Kxf3 75. Nxf4 Kxf4 76. Kd3 Ke5 77. Kc4 Bc7 78. Kb5 Kd6 79. Ka4 Bd8 80. Kb5 Kd5 81. Ka4 Kd4 82. Kb5 Kc3 83. Ka4 Kb2 84. Kb5 Kxb3 85. Ka6 a4 86. Kb7 a3 87. c7 Bxc7 0-1

[Event "CZE-ch U12 2020"]
[Site "Kouty nad Desnou"]
[Date "2020.03.08"]
[Round "2.8"]
[White "Day, Tobias"]
[Black "Tesar, Jakub"]
[Result "1-0"]
[ECO "B50"]
[WhiteElo "1837"]
[BlackElo "1446"]
[Annotator "NA"]
[PlyCount "83"]
[EventDate "2020.03.07"]
[EventCountry "CZE"]
[SourceTitle "playchess.com"]
[Source "ChessBase"]
[SourceQuality "1"]
[TimeControl "5400+30"]

1. e4 c5 2. Nf3 d6 3. d4 Nf6 4. Nc3 cxd4 5. Qxd4 Nc6 6. Bb5 {[%emt 0:00:11] B53: Sicilian: 2...d6: Lines with Qxd4.} e5 7. Qd3 a6 8. Bxc6+ bxc6 9. Bg5 h6 10. Bh4 Be6 11. Rd1 {[%emt 0:10:30] [#]} Be7 $146 ({Predecessor:} 11... g5 12. Bg3 Nh5 13. Qe3 Nxg3 14. fxg3 Qa5 15. O-O Rd8 16. Qa7 Bc4 17. Rf2 Be7 {1-0 (32) Andrades,D-Poffo,A Pan American 1998}) 12. O-O Qd7 13. Rd2 (13. Bxf6 $14 gxf6 14. Nd2) 13... Rg8 ({Black should play} 13... g5 $15 14. Bg3 O-O) 14. Rfd1 g5 15. Bg3 h5 ({Black should play} 15... Qb7 $11) 16. h4 gxh4 17. Bxh4 Bh3 18. g3 Bg4 19. Re1 Bxf3 20. Bxf6 Bxf6 21. Qxf3 {[%emt 0:00:13] Double Attack} Bg5 22. Rd3 h4 23. Qg2 Be7 24. Nd1 hxg3 25. Rxg3 Rxg3 26. fxg3 Qe6 27. Re3 Qxa2 (27... d5 $17 28. Kf1 Bc5) 28. Rb3 Qa5 29. Kf1 Qc7 30. Ne3 O-O-O (30... a5 $11) 31. Qh3+ Qd7 32. Nf5 Bf8 33. g4 Qe6 34. Qd3 Kd7 35. Qxa6 Rc8 36. Rb7+ Ke8 37. Rb6 Qd7 38. b4 Kd8 $18 39. b5 cxb5 40. Nxd6 Rxc2 41. Rb8+ Ke7 42. Nf5+ 1-0

[Event "CZE-ch U12 2020"]
[Site "Kouty nad Desnou"]
[Date "2020.03.08"]
[Round "2.9"]
[White "Hobza, Richard"]
[Black "Tichy, Tomas"]
[Result "1/2-1/2"]
[ECO "A46"]
[WhiteElo "1251"]
[BlackElo "1810"]
[Annotator "NA"]
[PlyCount "74"]
[EventDate "2020.03.07"]
[EventCountry "CZE"]
[SourceTitle "playchess.com"]
[Source "ChessBase"]
[SourceQuality "1"]
[TimeControl "5400+30"]

1. d4 Nf6 2. Nf3 c5 3. e3 g6 4. c3 cxd4 5. exd4 Bg7 6. Bc4 {[%emt 0:02:40] A48: 1 d4 Nf6 2 Nf3 g6: Torre, London and Colle Systems.} d5 7. Bd3 O-O 8. O-O Bg4 9. h3 Bd7 {[%emt 0:03:36] [#]} (9... Bxf3 $5 10. Qxf3 Nc6 $11) 10. Be3 $146 ({Predecessor:} 10. Re1 Nc6 11. Be3 Qc8 12. Kh2 Re8 13. Nbd2 Qc7+ 14. g3 Nh5 15. Nf1 e5 16. dxe5 Nxe5 17. Nxe5 Bxe5 {½-½ (26) Dominguez Gutierrez,J (1559)-Segura Acosta,R (1101) Gran Canaria 2019}) 10... Nc6 11. Nbd2 a6 12. Nb3 b6 13. Qd2 Re8 14. Rfe1 Qc8 15. Kh2 (15. Ne5 $14) 15... Bf5 16. Qc2 Bxd3 17. Qxd3 Qc7+ 18. Kg1 Qb7 19. Rac1 $11 Rac8 20. Bf4 Nd7 21. Ne5 Ncxe5 22. Bxe5 Nxe5 23. dxe5 e6 24. c4 dxc4 25. Rxc4 Rxc4 26. Qxc4 Rc8 27. Qe2 a5 28. Qb5 Rb8 29. Nd2 Bf8 30. Nf3 Bb4 31. Rd1 Qe4 32. a3 Bc5 33. Re1 Qc2 34. Qe2 Qb3 35. Rd1 Rc8 36. Rd3 Qa4 37. Qd2 Qc6 1/2-1/2

[Event "CZE-ch U12 2020"]
[Site "Kouty nad Desnou"]
[Date "2020.03.08"]
[Round "2.10"]
[White "Nguyen, Thai Dang Vi"]
[Black "Sigut, Ondrej"]
[Result "1-0"]
[ECO "B34"]
[WhiteElo "1510"]
[BlackElo "1274"]
[Annotator "NA"]
[PlyCount "75"]
[EventDate "2020.03.07"]
[EventCountry "CZE"]
[SourceTitle "playchess.com"]
[Source "ChessBase"]
[SourceQuality "1"]
[TimeControl "5400+30"]

1. e4 c5 2. Nf3 Nc6 3. d4 cxd4 4. Nxd4 Nf6 5. Nc3 e5 6. Ndb5 d6 7. Nd5 Nxd5 8. exd5 Ne7 9. c3 Ng6 10. Qa4 Bd7 11. Qb4 Qb8 12. Qc4 Bxb5 13. Qxb5+ Ke7 14. Be2 Qc7 15. O-O f6 16. Be3 Rg8 17. Bg4 Nh8 18. Be6 Nf7 19. c4 b6 20. b4 Rb8 21. Qa6 Rh8 22. Rac1 Qb7 23. Qa4 Nd8 24. Bh3 Kf7 25. Rfd1 Be7 26. c5 bxc5 27. bxc5 g6 28. c6 Qc7 29. Qxa7 Qxa7 30. Bxa7 Ra8 31. c7 Nb7 32. Bb8 Raxb8 33. cxb8=Q Rxb8 34. Be6+ Ke8 35. Rb1 Bd8 36. Rdc1 Ba5 37. Bc8 Kd8 38. Bxb7 1-0

[Event "CZE-ch U12 2020"]
[Site "Kouty nad Desnou"]
[Date "2020.03.08"]
[Round "2.11"]
[White "Sedmihradsky, Tomas"]
[Black "Buchta, Bartolomej"]
[Result "1-0"]
[ECO "B21"]
[WhiteElo "1024"]
[BlackElo "1508"]
[Annotator "NA"]
[PlyCount "93"]
[EventDate "2020.03.07"]
[EventCountry "CZE"]
[SourceTitle "playchess.com"]
[Source "ChessBase"]
[SourceQuality "1"]
[TimeControl "5400+30"]

1. e4 c5 2. f4 d6 3. Nf3 e6 4. d3 Nf6 5. Nc3 Nc6 6. g3 Rb8 7. Bg2 b5 8. a3 Qc7 9. O-O Be7 10. Kh1 O-O 11. Be3 e5 12. f5 Nd4 13. Bxd4 cxd4 14. Nd5 Nxd5 15. exd5 b4 16. a4 Qb7 17. Nd2 Qa8 18. Nc4 Bb7 19. Qf3 Rfc8 20. Na5 Rxc2 21. Nc6 Bxc6 22. dxc6 Rc8 23. Rac1 Rc5 24. Rxc5 dxc5 25. Qd5 Qb8 26. Re1 Bd6 27. b3 Qc7 28. h4 Qe7 29. Qf3 Qf6 30. Qf2 Qh6 31. Bd5 Qh5 32. Kg2 Rd8 33. Kh3 g5 34. fxg6 Qxg6 35. Qf3 Bc7 36. h5 Qg7 37. Rf1 Rf8 38. g4 Kh8 39. Qf5 f6 40. g5 Bd8 41. Rf3 Qe7 42. gxf6 Rxf6 43. Qxf6+ Qxf6 44. Rxf6 Kg7 45. Rf7+ Kh6 46. c7 Bxc7 47. Rxc7 1-0